 Dungeon Crawl Stone Soup version 0.22-a0-160-gcc81d7a (webtiles) character file.

410 tsouns the Covered (level 6, -4/84 HPs)
             Began as a Naga Fighter on Feb 10, 2018.
             Slain by an elf zombie (6 damage)
             ... in an ossuary.
             The game lasted 00:06:59 (2561 turns).

tsouns the Covered (Naga Fighter)                   Turns: 2561, Time: 00:07:00

Health: -4/84      AC:  6    Str: 23    XL:     6   Next: 89%
Magic:  6/6        EV:  6    Int: 10    God:
Gold:   239        SH:  9    Dex: 11    Spells: 5/5 levels left

rFire    . . .     SeeInvis +   n - +0 mace (holy)
rCold    . . .     Gourm    .   c - +0 shield
rNeg     . . .     Faith    .   b - +0 scale mail
rPois    +         Spirit   .   (no helmet)
rElec    .         Reflect  .   (no cloak)
rCorr    .         Harm     .   (no gloves)
MR       .....                  (no barding)
Stlth    ..........             r - amulet of rage
HPRegen  0.24/turn              v - ring of stealth
MPRegen  0.10/turn              (no ring)

@: berserking, quick
A: large, see invisible, deformed body, poison resistance, slowness 2, slow
metabolism 1, spit poison 1, AC +2
a: Spit Poison, Evoke Berserk Rage


You were in an ossuary.
You were very hungry.

You visited 1 branch of the dungeon, and saw 4 of its levels.
You also visited: Ossuary.

You collected 239 gold pieces.

Inventory:

Hand Weapons
 a - a +1 flail
 n - a +0 mace of holy wrath (weapon)
Missiles
 e - 100 stones (quivered)
Armour
 b - a +0 scale mail (worn)
 c - a +0 shield (worn)
Jewellery
 r - an amulet of rage (around neck)
 u - an uncursed ring of ice
 v - a ring of stealth (left hand)
Scrolls
 h - a scroll of teleportation
 k - 2 scrolls of enchant weapon
 o - a scroll of immolation
Potions
 g - 2 potions of lignification
 i - 2 potions of mutation
 l - a potion of agility
 m - a potion of curing {unknown}
 p - a potion of brilliance {unknown}
 s - a potion of magic {unknown}
 t - a potion of flight {unknown}
Comestibles
 f - 6 rations
 j - a chunk of flesh


   Skills:
 + Level 3.5 Fighting
 + Level 4.0 Maces & Flails
 + Level 4.0 Armour
 + Level 1.0 Dodging
 + Level 1.0 Stealth
 + Level 3.6 Shields
 + Level 0.3 Evocations


You had 5 spell levels left.
You didn't know any spells.

Dungeon Overview and Level Annotations

Branches:
Dungeon (4/15)
 Temple: D:4-7

Altars:


Innate Abilities, Weirdness & Mutations

You cannot wear boots.
Your serpentine skin is tough. (AC +2)
You have supernaturally acute eyesight. (SInv)
Armour fits poorly on your strangely shaped body.
Your system is resistant to poisons. (rPois)
You cover ground very slowly.
You have a slow metabolism.
You can spit poison.


Message History

You sock the big kobold zombie!
You destroy the big kobold zombie!
Your Maces & Flails skill increases to level 4!
The elf zombie hits you.
* * * LOW HITPOINT WARNING * * *
Your shield and scale mail prevent you from hitting the elf zombie.
The elf zombie hits you.
* * * LOW HITPOINT WARNING * * *
You hit the elf zombie.
The elf zombie convulses.
The elf zombie is lightly damaged.
You closely miss the elf zombie.
The elf zombie is lightly damaged.
The elf zombie hits you.
* * * LOW HITPOINT WARNING * * *
You sock the elf zombie!
The elf zombie convulses!
The elf zombie is heavily damaged.
You closely miss the elf zombie.
The elf zombie is heavily damaged.
The elf zombie hits you.
You die...

###################
.......∩Z..........
.......@...........
.....#####.........
...................
........Z.Z........
.........Z.Z...##..
.........Z.....##.
...................
...................
..................#


You could see an elf zombie.

Vanquished Creatures
  An elf zombie (Ossuary)
  A scorpion (D:4)
  A hound (D:4)
  3 worker ants (D:4)
  3 big kobold zombies (Ossuary)
  A mummy (Ossuary)
  5 adders
  An adder zombie (Ossuary)
  A worm (D:2)
  A dart slug (D:3)
  A leopard gecko (D:1)
  5 orcs
  5 bats
  3 giant cockroaches (D:2)
  3 goblins
  8 hobgoblins
  7 jackals
  3 kobolds (D:1)
  A quokka (D:4)
  5 frilled lizards
  2 gnoll zombies (Ossuary)
  2 hobgoblin zombies (Ossuary)
  A jackal zombie (Ossuary)
  A kobold zombie (Ossuary)
  A quokka zombie (D:4)
  6 rats
  A rat zombie (D:4)
73 creatures vanquished.

Notes
Turn   | Place    | Note
-------+----------+-------------------------------------------
     0 | D:1      | tsouns the Naga Fighter began the quest for the Orb.
     0 | D:1      | Reached XP level 1. HP: 21/21 MP: 1/1
   144 | D:1      | Reached XP level 2. HP: 28/28 MP: 2/2
   726 | D:2      | Reached XP level 3. HP: 27/34 MP: 3/3
  1383 | D:3      | Reached XP level 4. HP: 26/42 MP: 4/4
  2169 | D:4      | Reached XP level 5. HP: 33/49 MP: 5/5
  2446 | D:4      | Reached XP level 6. HP: 43/56 MP: 6/6
  2471 | D:4      | Found a sand-covered staircase.
  2498 | Ossuary  | Entered an ossuary
  2543 | Ossuary  | Reached skill level 1 in Dodging
  2543 | Ossuary  | Reached skill level 1 in Stealth
  2559 | Ossuary  | HP: 2/84 [elf zombie (5)]
  2561 | Ossuary  | Slain by an elf zombie

Vault maps used:
D:1:      noname_arrival_rooms_in_the_neighbourhood
D:2:      serial_forest, infiniplex_forest_clump_large,
          infiniplex_forest_clump_C, infiniplex_forest_end_2,
          infiniplex_forest_lined_corner, infiniplex_forest_side_room,
          infiniplex_forest_lined_room_2
D:3:      first_ration, serial_curves, eino_curves_02, eino_curves_03
D:4:      nicolae_overflow_hidden_temple, enter_ossuary_4
Ossuary:  ossuary_minmay_tomb_2a

Skill      XL: |  1  2  3  4  5  6 |
---------------+-------------------+-----
Armour         | 3 4 |  4.0
Maces & Flails | 3 4 |  4.0
Shields        | 3 |  3.6
Dodging        | 1 |  1.0
Stealth        | 1 |  1.0
Fighting       | |  3.5
Evocations     | |  0.3

Action                   |  1- 3 |  4- 6 || total
-------------------------+-------+-------++-------
Melee: Flail             |   149 |   102 ||   251
       Mace              |       |    46 ||    46
 Abil: Spit Poison       |       |     3 ||     3
       Evoke Berserk Rag |       |     2 ||     2
  Use: Scroll            |       |     9 ||     9
       Potion            |       |     2 ||     2
  Eat: Chunk             |     1 |     4 ||     5
Armor: Scale mail        |    67 |    72 ||   139
Dodge: Dodged            |    28 |    51 ||    79
Block: Shield            |    76 |    91 ||   167

Table legend:
 A = Spawn XP
 B = Non-spawn XP
 C = Spawn XP percentage of total XP
 D = Spawn monster count
 E = Non-spawn monster count
 F = Spawn count percentage of total count
 G = Total turns spent on level
                    A         B        C        D         E        F      G
               +---------+---------+-------+---------+---------+-------+---------
         Total |       0 |     586 |   0.0 |       0 |      73 |   0.0 |  2561
               +---------+---------+-------+---------+---------+-------+---------
           D:1 |       0 |      26 |   0.0 |       0 |      15 |   0.0 |   701
           D:2 |       0 |      57 |   0.0 |       0 |      17 |   0.0 |   841
           D:3 |       0 |      42 |   0.0 |       0 |      15 |   0.0 |   546
           D:4 |       0 |     251 |   0.0 |       0 |      14 |   0.0 |   410
       Ossuary |       0 |     210 |   0.0 |       0 |      12 |   0.0 |    63
               +---------+---------+-------+---------+---------+-------+---------
